 Dungeon Crawl Stone Soup version 0.20.0-14-g326068f (webtiles) character file.

67 mopl the Sneak (level 3, -5/30 HPs)
             Began as a Minotaur Assassin on June 8, 2017.
             Killed from afar by a white imp (8 damage)
             ... with a puff of frost
             ... summoned by Natasha
             ... on level 2 of the Dungeon.
             The game lasted 00:01:26 (1097 turns).

mopl the Sneak (Minotaur Assassin)                  Turns: 1097, Time: 00:01:27

Health: -5/30      AC:  3    Str: 15    XL:     3   Next: 98%
Magic:  2/2        EV: 12    Int:  8    God:
Gold:   64         SH:  0    Dex: 12    Spells: 2/2 levels left

rFire    + . .     SeeInvis .   a - +0 dagger (speed)
rCold    . . .     Gourm    .   (no shield)
rNeg     . . .     Faith    .   c - +0 robe
rPois    .         Spirit   .   (helmet restricted)
rElec    .         Reflect  .   d - +0 cloak
rCorr    .         Harm     .   (no gloves)
MR       .....                  (no boots)
Stlth    ++........             (no amulet)
Regen    0.1/turn               m - ring of protection from fire
MPRegen  0.1/turn               (no ring)

@: no status effects
A: retaliatory headbutt, horns 2
a: no special abilities


You were on level 2 of the Dungeon.
You were not hungry.

You visited 1 branch of the dungeon, and saw 2 of its levels.

You collected 64 gold pieces.

Inventory:

Hand Weapons
 a - a +0 dagger of speed (weapon)
 b - a +0 blowgun
Missiles
 e - 8 poisoned needles
 f - 2 curare-tipped needles
 k - 56 stones (quivered)
 n - 39 sling bullets
 r - 6 tomahawks
Armour
 c - a +0 robe (worn)
 d - a +0 cloak (worn)
Jewellery
 m - a ring of protection from fire (left hand)
Scrolls
 j - 2 scrolls of noise {unknown}
 o - a scroll of magic mapping {unknown}
Potions
 h - a potion of flight {unknown}
 i - 2 potions of might
 l - a potion of heal wounds {unknown}
 q - a potion of mutation {unknown}
Comestibles
 g - 3 bread rations
 p - a chunk of flesh


   Skills:
 - Level 2.4 Fighting
 + Level 2.9 Short Blades
 + Level 2.6 Throwing
 - Level 1.1 Dodging
 * Level 4.2 Stealth


You had 2 spell levels left.
You didn't know any spells.

Dungeon Overview and Level Annotations

Branches:
Dungeon (2/15)

Altars:

Annotations:
D:2 Natasha


Innate Abilities, Weirdness & Mutations

You reflexively headbutt those who attack you in melee.
You have a pair of horns on your head.


Message History

The kobold hits you.
You miss the kobold. Your headbutt misses the kobold.
The kobold is moderately wounded.
You closely miss the kobold.
The kobold is moderately wounded.
The kobold hits you but does no damage.
You hit the kobold.
You kill the kobold!
The shadow imp gestures at you. Pain shoots through your body!
* * * LOW HITPOINT WARNING * * *
Natasha mumbles some strange words.
Natasha casts a spell.
The shadow imp gestures at you. Pain shoots through your body!
* * * LOW HITPOINT WARNING * * *
Some of the chunks of flesh in your inventory have rotted away.
The white imp gestures at you. The puff of frost hits you!
You die...

#.. #.# #.#
#.##########.
######............
###.......##........
....w.).?w.5.####
####.####.###....#
.<##.####.###.##@#
#.##.....h.h5.##)#
#.##.####.######>##
# #.##.#
#.#####...##.#
..##.#
#............##
..##.##
#######...#...#
......# ##.#..#.#.#
..)†..#
######.###.......
).....# #.......#
.#.#.##


You could see a worm and a white imp.

Vanquished Creatures
  Natasha (D:2)
  A worm (D:2)
  2 dart slugs
  3 leopard geckos (D:1)
  4 goblins
  5 hobgoblins (D:1)
  3 jackals (D:1)
  4 kobolds
  5 bats (D:1)
  2 frilled lizards (D:1)
  A rat (D:1)
31 creatures vanquished.

Notes
Turn   | Place    | Note
-------+----------+-------------------------------------------
     0 | D:1      | mopl the Minotaur Assassin began the quest for the Orb.
     0 | D:1      | Reached XP level 1. HP: 18/18 MP: 0/0
   258 | D:1      | Reached XP level 2. HP: 24/25 MP: 1/1
   676 | D:1      | Reached XP level 3. HP: 25/30 MP: 2/2
   885 | D:2      | Reached skill level 4 in Stealth
   899 | D:2      | Noticed Natasha
   908 | D:2      | Killed Natasha
  1078 | D:2      | Noticed Natasha
  1097 | D:2      | Killed from afar by a white imp

Skill      XL: |  1  2  3 |
---------------+----------+-----
Stealth        | 4 |  4.2
Fighting       | |  2.4
Short Blades   | |  2.9
Throwing       | |  2.6
Dodging        | |  1.1

Action                   || total
-------------------------++-------
Melee: Dagger            ||   105
       Headbutt          ||    14
 Stab: Sleeping          ||     3
  Eat: Chunk             ||     1
Armor: Robe              ||    15
Dodge: Dodged            ||    49
